 Dungeon Crawl Stone Soup version 0.25-a0-829-g4e6a552 (webtiles) character file.

Game seed: 8904356572380955006, levelgen mode: deterministic

743830 popps the Conqueror (level 25, -17/257 HPs)
             Began as a Minotaur Fighter on Apr 20, 2020.
             Was the Champion of Ru.
             Demolished by an Orb Guardian (28 damage)
             ... on level 5 of the Realm of Zot on Apr 22, 2020.
             The game lasted 03:47:44 (81930 turns).

popps the Conqueror (Minotaur Fighter)             Turns: 81930, Time: 03:47:45

Health: -17/257    AC: 41    Str: 22    XL:     25
Magic:  34/34      EV: 13    Int:  5    God:    Ru [******]
Gold:   5912       SH:  0    Dex: 27    Spells: 35/41 levels left

rFire    + + .     SeeInvis +   W - +9 demon trident (elec)
rCold    + + .     Gourm    .   c - +2 tower shield {rN+}
rNeg     + . .     Faith    .   X - +10 plate armour {rF+}
rPois    +         Spirit   .   O - +0 hat "Afaoxzoe" {rC++ rCorr Stlth+}
rElec    .         Reflect  +   n - +2 cloak {rPois}
rCorr    +         Harm     .   V - +0 pair of gloves
MR       ++...                  S - +1 pair of boots {Fly}
Stlth    ..........             Q - brooch of Shielding {Reflect SH+8}
HPRegen  0.52/turn              N - ring of Activism {rF+ Dex+4 Slay+3}
MPRegen  0.24/turn              l - ring of see invisible

@: exhausted, about to teleport, flying, held, lightly drained
A: retaliatory headbutt, horns 2, thin skeletal structure 1, magic resistance 1,
no stealth, inability to use devices, hated by all, no charms magic, no earth
magic, no hexes magic, inexperienced 1
}: 4/15 runes: decaying, serpentine, silver, abyssal
a: Draw Out Power, Power Leap, Apocalypse, Renounce Religion


You were on level 5 of the Realm of Zot.
You worshipped Ru.
Ru was exalted by your worship.
You were not hungry.

You visited 13 branches of the dungeon, and saw 59 of its levels.
You visited the Abyss 2 times.
You visited 1 bazaar.
You also visited: Sewer, Gauntlet and Volcano.

You collected 10894 gold pieces.
You spent 4982 gold pieces at shops.

Inventory:

Hand Weapons
 G - a +9 demon trident of freezing
 W - a +9 demon trident of electrocution (weapon)
Missiles
 g - 27 javelins
 p - 143 poisoned darts (quivered)
 w - 38 atropa-tipped darts
 y - 8 curare-tipped darts
 z - 9 silver javelins
 K - 4 boomerangs of dispersal
 M - 3 throwing nets
Armour
 c - a +2 tower shield of positive energy (worn)
 e - the +3 faerie dragon scales {rN+ rCorr Str+4 Int+4 Dex+5}
   (You took it off the Enchantress on level 3 of the Depths)

   It affects your strength (+4).
   It affects your intelligence (+4).
   It affects your dexterity (+5).
   It protects you from negative energy.
   It provides partial protection from all sources of acid and corrosion.
 n - a +2 cloak of poison resistance (worn)
 O - the +0 hat "Afaoxzoe" (worn) {rC++ rCorr Stlth+}
   (You bought it in a shop on level 3 of the Dungeon)

   It greatly protects you from cold.
   It provides partial protection from all sources of acid and corrosion.
   It makes you more stealthy.
 S - a +1 pair of boots of flying (worn)
 U - a +4 kite shield of reflection
 V - a +0 pair of gloves (worn)
 X - a +10 plate armour of fire resistance (worn)
Jewellery
 k - the ring of the Mage {Wiz MR++ Int+3}
   (You found it on level 1 of the Depths)

   [ring of wizardry]

   It improves your spell success rate.
   It affects your intelligence (+3).
   It affects your resistance to hostile enchantments.
 l - a ring of see invisible (right hand)
 N - the ring of Activism (left hand) {rF+ Dex+4 Slay+3}
   (You found it on level 3 of the Elven Halls)

   [ring of dexterity]

   It affects your dexterity (+4).
   It affects your accuracy and damage with ranged weapons and melee attacks
   (+3).
   It protects you from fire.
 Q - the brooch of Shielding (around neck) {Reflect SH+8}
   (You found it in a Gauntlet)

   [amulet of reflection]

   It shields you and reflects attacks.
   It affects your SH (+8).
Scrolls
 b - 2 scrolls of immolation
 h - 4 scrolls of blinking
 i - 20 scrolls of remove curse
 o - 7 scrolls of teleportation
 t - 3 scrolls of torment
 A - 11 scrolls of fear
 B - 8 scrolls of amnesia
 C - 24 scrolls of identify
 F - 7 scrolls of magic mapping
 J - 8 scrolls of vulnerability
 Z - 12 scrolls of fog
Potions
 a - 7 potions of haste
 d - 5 potions of lignification
 j - 11 potions of curing
 m - 9 potions of brilliance
 r - 11 potions of stabbing
 s - 5 potions of cancellation
 v - 2 potions of berserk rage
 D - a potion of invisibility
 E - 6 potions of magic
 L - 7 potions of might
 P - 5 potions of resistance
 T - 12 potions of mutation
 Y - 3 potions of ambrosia
Comestibles
 f - 60 rations
 u - 6 chunks of flesh


   Skills:
 O Level 27(26.4) Fighting
   Level 4.3(4.0) Maces & Flails
 O Level 27(26.4) Polearms
 - Level 10.0(9.6) Throwing
 O Level 27(26.4) Armour
 + Level 21.8(21.3) Dodging
 + Level 22.1(21.6) Shields
 + Level 8.8(8.4) Spellcasting
 + Level 10.8(10.4) Conjurations
 + Level 9.3(8.9) Translocations


You had 35 spell levels left.
You knew the following spells:

 Your Spells              Type           Power        Failure   Level  Hunger
a - Blink                 Tloc           N/A          5%          2    ##.....
b - Iskenderun's Mystic   Conj/Tloc      ##......     26%         4    #####..

Your spell library contained the following spells:

 Spells                   Type           Power        Failure   Level  Hunger
 Magic Dart               Conj           ##..         1%          1    #......
 Apportation              Tloc           ##....       3%          1    #......
 Searing Ray              Conj           ##....       3%          2    ##.....
 Gell's Gravitas          Tloc           ##........   11%         3    ###....
 Foxfire                  Conj/Fire      #...         16%         1    #......
 Shock                    Conj/Air       #...         16%         1    #......
 Conjure Flame            Conj/Fire      #.......     43%         3    ###....
 Static Discharge         Conj/Air       #.......     43%         3    ###....
 Mephitic Cloud           Conj/Pois/Air  #.......     69%         3    ###....
 Beastly Appendage        Tmut           #.....       80%         1    #......
 Freeze                   Ice            #...         80%         1    #......
 Pain                     Necr           #...         80%         1    #......
 Hailstorm                Conj/Ice       #.......     85%         4    #####..
 Corpse Rot               Necr/Air       N/A          91%         2    ##.....
 Poisonous Vapours        Pois/Air       #.....       91%         2    ##.....
 Sublimation of Blood     Necr           #.........   91%         2    ##.....
 Frozen Ramparts          Ice            #.....       99%         3    ###....
 Ignite Poison            Fire/Tmut/Pois #.......     99%         3    ###....
 Spider Form              Tmut/Pois      #.........   99%         3    ###....
 Vampiric Draining        Necr           #.........   99%         3    ###....
 Fireball                 Conj/Fire      #.........   99%         5    ######.
 Irradiate                Conj/Tmut      #.........   99%         5    ######.
 Lightning Bolt           Conj/Air       #.........   99%         5    ######.
 Dispersal                Tloc           ##........   99%         6    #######
 Airstrike                Air            #.........   100%        4    #####..
 Dispel Undead            Necr           #.......     100%        4    #####..
 Ice Form                 Ice/Tmut       #.......     100%        4    #####..
 Agony                    Necr           #.......     100%        5    ######.
 Alistair's Intoxication  Tmut/Pois      #.......     100%        5    ######.
 Aura of Abjuration       Summ           #.........   100%        5    ######.
 Blade Hands              Tmut           #.........   100%        5    ######.
 Conjure Ball Lightning   Conj/Air       #.........   100%        6    #######
 Eringya's Noxious Bog    Tmut/Pois      #.........   100%        6    #######
 Freezing Cloud           Conj/Ice/Air   #.........   100%        6    #######
 Ozocubu's Refrigeration  Ice            #.........   100%        6    #######
 Starburst                Conj/Fire      #.........   100%        6    #######
 Dragon Form              Tmut           #.........   100%        7    #######
 Orb of Destruction       Conj           ##........   100%        7    #######
 Chain Lightning          Conj/Air       #.........   100%        8    #######
 Controlled Blink         Tloc           N/A          100%        8    #######
 Disjunction              Tloc           ##........   100%        8    #######
 Ignition                 Fire           #.........   100%        8    #######
 Absolute Zero            Ice            #.........   100%        9    #######
 Fire Storm               Conj/Fire      #.........   100%        9    #######
 Tornado                  Air            #.........   100%        9    #######
 Dazzling Flash           Conj/Hex       Unusable     N/A         3    N/A
 Portal Projectile        Hex/Tloc       Unusable     N/A         3    N/A
 Recall                   Summ/Tloc      Unusable     N/A         3    N/A
 Animate Skeleton         Necr           Unusable     N/A         1    N/A
 Corona                   Hex            Unusable     N/A         1    N/A
 Summon Small Mammal      Summ           Unusable     N/A         1    N/A
 Fulminant Prism          Conj/Hex       Unusable     N/A         4    N/A
 Call Imp                 Summ           Unusable     N/A         2    N/A
 Ensorcelled Hibernation  Hex/Ice        Unusable     N/A         2    N/A
 Passwall                 Tmut/Erth      Unusable     N/A         2    N/A
 Slow                     Hex            Unusable     N/A         2    N/A
 Sticks to Snakes         Tmut           Unusable     N/A         2    N/A
 Swiftness                Chrm/Air       Unusable     N/A         2    N/A
 Call Canine Familiar     Summ           Unusable     N/A         3    N/A
 Confusing Touch          Hex            Unusable     N/A         3    N/A
 Ozocubu's Armour         Chrm/Ice       Unusable     N/A         3    N/A
 Summon Guardian Golem    Hex/Summ       Unusable     N/A         3    N/A
 Tukima's Dance           Hex            Unusable     N/A         3    N/A
 Iskenderun's Battlesphe  Conj/Chrm      Unusable     N/A         5    N/A
 Summon Forest            Summ/Tloc      Unusable     N/A         5    N/A
 Animate Dead             Necr           Unusable     N/A         4    N/A
 Cause Fear               Hex            Unusable     N/A         4    N/A
 Petrify                  Tmut/Erth      Unusable     N/A         4    N/A
 Summon Ice Beast         Ice/Summ       Unusable     N/A         4    N/A
 Summon Lightning Spire   Summ/Air       Unusable     N/A         4    N/A
 Bolt of Magma            Conj/Fire/Erth Unusable     N/A         5    N/A
 Borgnjor's Vile Clutch   Necr/Erth      Unusable     N/A         5    N/A
 Excruciating Wounds      Chrm/Necr      Unusable     N/A         5    N/A
 Metabolic Englaciation   Hex/Ice        Unusable     N/A         5    N/A
 Silence                  Hex/Air        Unusable     N/A         5    N/A
 Summon Demon             Summ           Unusable     N/A         5    N/A
 Summon Mana Viper        Hex/Summ       Unusable     N/A         5    N/A
 Yara's Violent Unravell  Hex/Tmut       Unusable     N/A         5    N/A
 Darkness                 Hex            Unusable     N/A         6    N/A
 Death Channel            Necr           Unusable     N/A         6    N/A
 Shadow Creatures         Summ           Unusable     N/A         6    N/A
 Simulacrum               Ice/Necr       Unusable     N/A         6    N/A
 Statue Form              Tmut/Erth      Unusable     N/A         6    N/A
 Ring of Flames           Chrm/Fire      Unusable     N/A         7    N/A
 Discord                  Hex            Unusable     N/A         8    N/A
 Lehudib's Crystal Spear  Conj/Erth      Unusable     N/A         8    N/A
 Dragon's Call            Summ           Unusable     N/A         9    N/A
 Shatter                  Erth           Unusable     N/A         9    N/A

Dungeon Overview and Level Annotations

Branches:
Dungeon (15/15)            Temple (1/1) D:6            Lair (6/6) D:11
  Swamp (4/4) Lair:2        Snake (4/4) Lair:2        Slime (0/5) Lair:5
    Orc (2/2) D:10            Elf (3/3) Orc:2        Vaults (5/5) D:14
  Crypt (1/3) Vaults:3     Depths (5/5) D:15           Hell (visited)
    Dis (0/7) Hell            Geh (0/7) Hell            Coc (7/7) Hell
    Tar (0/7) Hell            Zot (5/5) Depths:5      Sewer (visited)
Volcano (visited)         Gauntlet (visited)

Altars:
Ashenzari
Cheibriados
Dithmenos
Elyvilon
Fedhas
Gozag
Hepliaklqana
Kikubaaqudgha
Makhleb
Nemelex Xobeh
Okawaru
Qazlal
Ru
Sif Muna
Trog
Uskayaw
Vehumet
Wu Jian
Xom
Yredelemnul
Zin
The Shining One

Shops:
D:3 *   D:10 [   D:14 [   Orc:1 *   Orc:2 (*=!?   Snake:3 ==   Vaults:2 [=!
Vaults:5 [   Depths:4 *

Portals:
Hell: Depths:1 Depths:2 Depths:3 Depths:4 Depths:5
Abyss: Depths:3 Depths:4 Depths:5
Pandemonium: Depths:3
Ziggurat: Depths:1

Annotations:
Depths:2 2 runed translucent doors


Innate Abilities, Weirdness & Mutations

You reflexively headbutt those who attack you in melee.
You have a pair of horns on your head.
You cannot be stealthy.
You cannot study or use magical devices.
You are hated by all.
You cannot study or cast Charms magic.
You cannot study or cast Earth magic.
You cannot study or cast Hexes magic.
You are somewhat inexperienced. (-2 XL)
You have a somewhat thin skeletal structure. (Dex +2, Stealth)
You are resistant to hostile enchantments. (MR+)


Message History

The white draconian hits you but does no damage.
The black draconian misses you.
The red draconian shifter begins to cast a spell, but is stunned by your will!
The Orb Guardian completely misses you.
The purple draconian hits you but does no damage.
Unknown command.
Unknown command.
You feel better. The Orb Guardian barely misses you. You furiously retaliate!
You headbutt the Orb Guardian.
A Killer Klown comes into view.
It is wielding a +9 club of electrocution.
The red draconian monk misses you.
The red draconian monk kicks you but does no damage.
The red draconian monk tail-slaps you but does no damage.
The black draconian shifter begins to cast a spell, but is stunned by your will!
The Killer Klown blinks!
The purple draconian begins to attack, but is stunned by your will!
The Orb Guardian hits you!
* * * LOW HITPOINT WARNING * * *
The Orb Guardian hits you!!
You die...

...#
.......^..^^..##
.###
.....$..pq.....##
##
.?.q............#
#
........ยง.......#
................#
........zq......#
.........d......#
........d.*.....#
...p....d@q....#
........dXX...##
.............##
############## .


You could see an orb of fire, 2 Killer Klowns, a red draconian monk, a black
draconian, 2 draconians, a white draconian, 2 draconians, a death cob, 2 Orb
Guardians and a red draconian scorcher.

Vanquished Creatures
  4 orbs of fire
  4 ancient liches
  A juggernaut (Depths:4)
  Sojobo (Vaults:2)
  3 Killer Klowns (Zot:5)
  31 shard shrikes
  Bai Suzhen (Vaults:4)
  Saint Roka (Depths:2)
  10 golden dragons
  2 curse toes
  Geryon (Hell)
  Jory (Vaults:4)
  the Enchantress (Depths:3)
  5 bone dragons
  8 liches
  3 electric golems
  18 tentacled monstrosities
  10 Orb Guardians (Zot:5)
  3 deep elf blademasters
  15 Ice Fiends
  3 quicksilver dragons
  3 titans (Vaults:5)
  2 deep elf master archers (Elf:3)
  2 ancient champions (Hell)
  10 tentacled starspawn
  Frances (Elf:1)
  3 Executioners
  Agnes (Snake:1)
  The ghost of Niohup the Cleaver, an adept DsBe of Trog (Snake:3)
  4 sphinxes
  7 death cobs
  11 storm dragons
  The ghost of Biduanus the Spear-Bearer, an adept HuSk of Gozag (Snake:1)
  5 thorn hunters
  A shadow dragon (shapeshifter) (Vaults:5)
  3 revenants
  The ghost of Cilysel the Peltast, an adept FoFi of Okawaru (D:15)
  7 shadow dragons
  4 draconian monks
  Roxanne (Snake:1)
  10 tengu reavers
  43 large abominations
  9 deep elf sorcerers
  Donald (Snake:1)
  5 fire giants
  8 nagarajas
  5 balrugs
  Louise (Elf:3)
  20 hydra zombies
  The ghost of bronco the Brawler, a journeyman TrMo of Zin (Swamp:2)
  Aizul (Snake:1)
  10 frost giants
  2 iron dragons
  5 cacodemons
  A ghost moth (Zot:4)
  13 vault wardens
  4 draconian shifters
  21 ironheart preservers
  8 draconian knights
  2 draconian scorchers
  8 draconian annihilators
  A ghoul (Vaults:5)
  3 deep elf elementalists (Elf:3)
  3 elemental wellsprings
  7 spriggan defenders
  25 very ugly things
  2 war gargoyles
  3 draconian stormcallers
  2 entropy weavers (Vaults:3)
  11 green draconians
  18 reapers
  20 stone giants
  10 deep elf demonologists
  5 vampire knights
  10 black draconians
  7 deep elf annihilators
  4 purple draconians
  10 red draconians
  Nessos (Lair:5)
  A lorocyproca (Depths:1)
  A minotaur (Gauntlet)
  7 white draconians
  3 spark wasps
  7 yellow draconians
  A green death (Hell)
  An eidolon (Abyss:5)
  4 deep elf death magi
  17 blizzard demons
  3 deep elf high priests
  17 ettins
  2 kraken zombies
  4 jiangshi
  8 fire dragons
  Josephine (Lair:5)
  A quicksilver dragon zombie (Coc:2)
  10 great orbs of eyes
  15 yaktaur captains
  5 quicksilver dragon skeletons
  22 hydras
  31 vault guards
  Erolcha (D:12)
  12 rakshasas
  The ghost of robertstho the Spear-Bearer, a journeyman MfFi of Okawaru (D:9)
  20 ice dragons
  27 naga warriors
  8 ghost crabs
  6 spriggan air magi
  4 catoblepae
  12 anacondas
  Erica (D:9)
  8 centaur warriors
  4 shambling mangroves
  50 two-headed ogres
  5 death knights
  22 dancing weapons
  11 death yaks
  A vampire mage (Depths:1)
  2 deep troll shamans
  17 ogre magi
  6 naga sharpshooters
  6 tengu warriors
  12 alligators
  A spriggan berserker (Depths:2)
  2 titan zombies
  5 thrashing horrors
  4 hell hogs
  5 deep troll earth magi
  6 orc high priests
  6 soul eaters
  4 titan skeletons
  22 deep elf knights
  10 sun demons
  2 storm dragon zombies
  12 hell knights (Depths:2)
  Nergalle (D:12)
  9 shock serpents
  2 iron trolls
  95 skeletal warriors
  6 wretched stars
  3 shadow wraiths
  2 storm dragon skeletons
  18 anaconda zombies
  2 ghost moth zombies
  9 flayed ghosts
  4 spatial maelstroms
  27 small abominations
  3 starcursed masses
  6 swamp dragons
  4 unseen horrors
  3 shadow dragon zombies
  7 spriggan druids
  10 glowing orange brains
  A swamp dragon (shapeshifter) (Depths:2)
  3 spectral hydras (Swamp:4)
  19 deep trolls
  3 golden dragon zombies
  An obsidian statue (Snake:2)
  10 naga ritualists
  48 deep elf magi
  10 orc knights
  8 phantasmal warriors
  4 harpies
  3 golden dragon skeletons
  9 deep elf archers
  13 ironbrand convokers
  4 necromancers
  3 anaconda skeletons
  5 wolf spider zombies
  A harpy (shapeshifter) (Vaults:4)
  7 oklob plants
  2 shadow dragon skeletons
  32 ugly things
  12 mana vipers
  5 fire giant zombies
  3 manticores
  A shining eye (shapeshifter) (Vaults:5)
  A shining eye (Abyss:5)
  A human zombie (Vaults:4)
  11 orc sorcerers
  A manticore (shapeshifter) (Depths:4)
  2 iron dragon zombies
  3 stone giant zombies
  3 frost giant skeletons
  4 wolf spiders
  11 salamanders
  4 frost giant zombies
  3 worldbinders
  12 cyclopes
  3 centaur zombies
  An elephant (shapeshifter) (Depths:4)
  A moth of wrath (shapeshifter) (Depths:4)
  31 moths of wrath
  4 elephants (Lair:4)
  2 iron dragon skeletons
  A shock serpent zombie (Coc:2)
  6 guardian serpents
  An eye of devastation (shapeshifter) (Depths:4)
  16 vault sentinels
  3 fire giant skeletons
  A guardian serpent (shapeshifter) (Elf:2)
  A black mamba (shapeshifter) (Depths:4)
  A water nymph (shapeshifter) (Vaults:4)
  6 stone giant skeletons
  41 black mambas
  4 apocalypse crabs
  26 naga magi
  3 rust devils
  A titan simulacrum (Coc:7)
  3 storm dragon simulacra
  2 shock serpent skeletons
  6 smoke demons
  13 spiny frogs
  2 ice statues (Hell)
  6 orange demons
  A torpor snail (Lair:5)
  2 catoblepas zombies (Coc:6)
  2 spiny frogs (shapeshifter)
  A hellion (Abyss:5)
  A rime drake (shapeshifter) (Depths:4)
  5 spectral swamp worms (Depths:3)
  Maggie (D:6)
  6 kobold demonologists
  4 dire elephant skeletons
  6 komodo dragons
  2 yaktaurs (shapeshifter)
  57 freezing wraiths
  7 anaconda simulacra
  3 efreet
  A catoblepas skeleton (Coc:6)
  37 yaktaurs
  3 hellwings (Depths:2)
  3 red devils (Hell)
  4 tengu conjurers
  5 demonic crawlers
  4 emperor scorpion zombies
  An elf skeleton (Depths:2)
  45 ice devils
  A silent spectre (Abyss:3)
  A human skeleton (Vaults:4)
  A yellow draconian skeleton (Coc:5)
  10 ancient zymes
  8 tormentors
  A red draconian skeleton (Coc:5)
  A redback zombie (D:15)
  3 harpy zombies
  3 death drake zombies (Swamp:4)
  16 polar bears
  12 trolls
  11 tyrant leeches
  A queen bee (shapeshifter) (Depths:4)
  2 meliai (shapeshifter)
  A wind drake (shapeshifter) (Vaults:2)
  A polar bear (shapeshifter) (Elf:3)
  18 hornets
  A troll (shapeshifter) (Abyss:4)
  10 alligator zombies
  A blink frog (Lair:3)
  Grinder (D:3)
  A dream sheep (shapeshifter) (Depths:5)
  27 slime creatures
  A snapping turtle (shapeshifter) (Elf:1)
  A harpy skeleton (Abyss:2)
  2 hippogriffs (shapeshifter)
  A death drake skeleton (Swamp:4)
  Prince Ribbit (D:9)
  13 raiju
  11 hydra skeletons
  8 bog bodies
  4 ettin zombies
  4 dream sheep (Lair:6)
  2 ice dragon zombies
  A frost giant simulacrum (Abyss:4)
  2 hornets (shapeshifter)
  2 fire dragon zombies
  7 hippogriffs
  A black mamba zombie (Coc:2)
  6 ice dragon skeletons
  5 ettin skeletons
  3 air elementals
  2 tarantellas (shapeshifter)
  4 redbacks (Vaults:3)
  4 ynoxinuls
  17 wraiths
  9 spriggans
  4 alligator skeletons
  99 flying skulls
  10 wyverns
  2 fire dragon skeletons
  14 water elementals
  48 yaks
  11 shadows
  6 fire bats (Volcano)
  A golden eye (Abyss:5)
  A fire bat (shapeshifter) (Depths:1)
  6 neqoxecs
  2 golden eyes (shapeshifter) (Depths:4)
  3 basilisks
  9 fire elementals
  2 hungry ghosts
  5 chaos spawn
  2 steam dragons (Volcano)
  A spriggan simulacrum (Depths:2)
  72 nagas
  17 swamp worms
  7 wargs
  17 vampire mosquitoes
  A merfolk zombie (Coc:1)
  A soldier ant (D:15)
  5 acid dragons
  12 insubstantial wisps
  A deep troll zombie (Vaults:4)
  10 hydra simulacra
  2 soldier ants (shapeshifter)
  10 water moccasins
  10 spatial vortices
  20 hell hounds
  3 floating eyes
  8 porcupines
  15 spiny frog zombies
  5 spiny frog skeletons
  50 orc warriors
  11 swamp drakes
  2 alligator simulacra
  25 ice beasts
  15 black bears
  A manticore zombie (Coc:5)
  An ettin simulacrum (Hell)
  6 necrophages
  4 phantoms
  A swamp dragon zombie (Swamp:4)
  3 sky beasts
  An eye of draining (shapeshifter) (Vaults:2)
  10 boggarts
  3 wolves (Lair:2)
  6 centaurs
  56 ogres
  2 eyes of draining
  2 swamp dragon skeletons (Swamp:4)
  11 crocodiles
  3 manticore skeletons
  6 big kobolds
  A big kobold (shapeshifter) (Vaults:2)
  An elf zombie (Coc:3)
  13 bullfrogs
  An elf simulacrum (Vaults:4)
  A wyvern zombie (D:14)
  4 earth elementals
  A spiny frog simulacrum (Coc:5)
  3 scorpions (D:11)
  A snapping turtle simulacrum (Coc:7)
  25 wights
  5 killer bees (D:7)
  An orc simulacrum (Vaults:1)
  A howler monkey (D:4)
  9 crimson imps
  3 bullfrog zombies
  A hound (D:11)
  2 quasits
  3 bullfrog skeletons
  A jelly (shapeshifter) (Vaults:5)
  A human simulacrum (Vaults:2)
  30 orc priests
  An iron imp (Depths:3)
  8 jellies
  42 orc wizards
  4 centaur skeletons
  4 iguanas
  2 hell rats (Lair:2)
  18 worker ants
  A demigod zombie (Crypt:1)
  A tengu zombie (Coc:4)
  A tengu skeleton (Coc:1)
  A hound skeleton (D:7)
  2 mummies
  A howler monkey zombie (D:9)
  4 gnolls (Orc:1)
  A howler monkey skeleton (D:6)
  13 adders
  9 river rats
  5 shadow imps
  31 white imps
  2 ufetubi (Abyss:2)
  2 oozes
  An adder skeleton (D:8)
  An adder zombie (D:6)
  2 worms
  A dart slug (D:2)
  6 leopard geckos
  109 orcs
  3 ball pythons
  5 giant cockroaches
  7 hobgoblins
  14 jackals
  5 quokkas
  12 bats
  5 frilled lizards
  6 goblins
  2 jackal skeletons (D:4)
  32 kobolds
  2 leopard gecko skeletons
  A quokka zombie (D:6)
  17 rats
  3 briar patches
  2 fungi
  3 starspawn tentacles
  5 tentacles
3259 creatures vanquished.

Vanquished Creatures (collateral kills)
  A naga ritualist (Snake:4)
  An orc knight (Orc:2)
  A mana viper (Snake:4)
  A guardian serpent (Snake:3)
  3 orc warriors (D:10)
  A scorpion (D:10)
  An orc (D:10)
9 creatures vanquished.

Vanquished Creatures (others)
  2 shard shrikes (Coc:7)
  A bone dragon (Coc:6)
  A lich (Coc:6)
  A tengu reaver (Vaults:2)
  A draconian knight (Zot:4)
  A reaper (Coc:6)
  A spriggan defender (Depths:3)
  An elemental wellspring (Coc:6)
  A very ugly thing (Depths:3)
  3 stone giants
  A red draconian (Zot:2)
  A deep elf death mage (Elf:3)
  A great orb of eyes (Depths:1)
  6 yaktaur captains
  An ogre mage (Vaults:5)
  2 vault guards
  A rakshasa (Depths:2)
  3 two-headed ogres
  2 centaur warriors
  2 naga sharpshooters
  A thrashing horror (Abyss:3)
  An iron troll (D:15)
  A skeletal warrior (Coc:6)
  A sixfirhy (Abyss:1)
  A deep troll (D:12)
  2 spriggan druids
  2 swamp dragons
  A spectral hydra (Swamp:4)
  A deep elf archer (Depths:3)
  An orc knight (Vaults:1)
  3 deep elf magi
  A moth of wrath (Zot:2)
  A cyclops (Swamp:4)
  A naga mage (Snake:4)
  A vault sentinel (Vaults:3)
  An anaconda simulacrum (Coc:5)
  22 yaktaurs
  3 hornets (Swamp:4)
  2 hydra zombies
  3 flying skulls
  3 black bears
  A swamp drake (Swamp:4)
  A centaur (D:13)
  An ogre (Vaults:5)
  A crocodile (Lair:5)
  An orc priest (Orc:2)
  3 orc wizards
  A white imp (Coc:6)
  6 orcs
  A kobold (D:12)
  10 briar patches
  A demonic plant (Gauntlet)
  2 fungi
  27 plants
  6 starspawn tentacles
  3 tentacles
  2 withered plants (D:9)
153 creatures vanquished.

Grand Total: 3421 creatures vanquished

Notes
Turn   | Place    | Note
-------+----------+-------------------------------------------
     0 | D:1      | popps the Minotaur Fighter began the quest for the Orb.
     0 | D:1      | Reached XP level 1. HP: 19/19 MP: 0/0
   345 | D:1      | Reached XP level 2. HP: 25/27 MP: 1/1
   757 | D:2      | Found a bloodstained altar of Trog.
   766 | D:2      | Reached XP level 3. HP: 27/33 MP: 2/2
  1018 | D:2      | Found a stormy altar of Qazlal.
  1239 | D:3      | Found Gozag's Platinum Reserve.
  1334 | D:3      | Reached XP level 4. HP: 40/40 MP: 3/3
  1466 | D:3      | Found an opulent altar of Gozag.
  1522 | D:3      | Noticed Grinder
  1535 | D:3      | Paralysed by Grinder for 7 turns
  1548 | D:3      | HP: 1/40 [Grinder/nerve-wracking pain (4)]
  1553 | D:3      | Paralysed by Grinder for 4 turns
  1560 | D:3      | Killed Grinder
  1560 | D:3      | Reached skill level 5 in Fighting
  1560 | D:3      | Reached skill level 5 in Armour
  1560 | D:3      | Reached skill level 5 in Shields
  1560 | D:3      | Reached XP level 5. HP: 45/48 MP: 4/4
  1560 | D:3      | Reached XP level 6. HP: 53/56 MP: 5/5
  2130 | D:3      | Found a radiant altar of Vehumet.
  2467 | D:3      | Found a blossoming altar of Fedhas.
  2529 | D:4      | Reached skill level 1 in Polearms
  2863 | D:4      | Reached XP level 7. HP: 33/61 MP: 6/6
  2867 | D:4      | Found a transporter.
  2921 | D:5      | Entered Level 5 of the Dungeon
  2929 | D:5      | Found a glowing drain.
  2945 | Sewer    | Entered a sewer
  3739 | D:5      | Reached XP level 8. HP: 56/71 MP: 7/7
  4152 | D:5      | Found a shimmering altar of Xom.
  4482 | D:6      | Reached skill level 5 in Polearms
  4503 | D:6      | Noticed a hippogriff
  4509 | D:6      | Killed a hippogriff
  4516 | D:6      | Reached XP level 9. HP: 26/81 MP: 8/8
  5014 | D:6      | Noticed Maggie
  5030 | D:6      | Killed Maggie
  5030 | D:6      | Reached skill level 1 in Dodging
  5791 | D:6      | Found a glowing silver altar of Zin.
  5824 | D:6      | Found a shattered altar of Ashenzari.
  5889 | D:6      | Found a glowing golden altar of the Shining One.
  5922 | D:6      | Found a staircase to the Ecumenical Temple.
  5927 | Temple   | Entered the Ecumenical Temple
  6312 | D:2      | Became a worshipper of Trog the Wrathful
  6456 | D:4      | Found a transporter.
  6635 | D:4      | Reached * piety under Trog
  7413 | D:7      | Upgraded the game from 0.25-a0-822-g6581751 to
                  | 0.25-a0-829-g4e6a552
  7548 | D:7      | Reached ** piety under Trog
  7829 | D:8      | Reached XP level 10. HP: 81/91 MP: 9/9
  7975 | D:8      | Found a bloodstained altar of Trog.
  8147 | D:8      | Found a shattered altar of Ashenzari.
  8280 | D:8      | Found a shadowy altar of Dithmenos.
  8281 | D:8      | Found a hazy altar of Hepliaklqana.
  8368 | D:9      | Noticed a two-headed ogre
  8381 | D:9      | Killed a two-headed ogre
  8800 | D:9      | Reached skill level 5 in Dodging
  8810 | D:9      | Found a runed translucent door.
  8810 | D:9      | Noticed robertstho's ghost (journeyman MfFi)
  8819 | D:9      | Found an iron altar of Okawaru.
  8822 | D:9      | Found a hide-covered altar of Uskayaw.
  8833 | D:9      | Reached skill level 10 in Shields
  8834 | D:9      | Reached *** piety under Trog
  8976 | D:9      | Reached skill level 10 in Fighting
  8976 | D:9      | Reached skill level 10 in Armour
  8986 | D:9      | Noticed Prince Ribbit
  8987 | D:9      | Noticed Erica
  9015 | D:9      | Killed Erica
  9039 | D:9      | Killed Prince Ribbit
  9450 | D:9      | Killed robertstho's ghost
  9450 | D:9      | Reached XP level 11. HP: 99/99 MP: 10/10
  9500 | D:10     | Entered Level 10 of the Dungeon
  9973 | D:10     | Found a shattered altar of Ashenzari.
 10017 | D:10     | Noticed a cyan ugly thing
 10027 | D:10     | Killed a cyan ugly thing
 10496 | D:10     | Found a staircase to the Orcish Mines.
 10499 | D:10     | Reached **** piety under Trog
 10510 | D:10     | Found Koustrow's Armour Shop.
 10691 | D:11     | Found a gate leading to a gauntlet.
 10704 | Gauntlet | Entered a Gauntlet
 10704 | Gauntlet | Found a transporter.
 10704 | Gauntlet | Found a transporter.
 10716 | Gauntlet | Found a transporter.
 10734 | Gauntlet | Found a transporter.
 10734 | Gauntlet | Found a transporter.
 10736 | Gauntlet | Found a transporter.
 10736 | Gauntlet | Found a transporter.
 10737 | Gauntlet | Found a transporter.
 10747 | Gauntlet | Found a transporter.
 10763 | Gauntlet | Found a transporter.
 10766 | Gauntlet | Found the brooch of Shielding {Reflect SH+8}
 10772 | Gauntlet | Found a runed translucent gate.
 10773 | Gauntlet | Found a transporter.
 10773 | Gauntlet | Found a runed translucent gate.
 10774 | Gauntlet | Found a runed translucent gate.
 10776 | Gauntlet | Noticed a death drake
 10787 | Gauntlet | Found a transporter.
 10821 | Gauntlet | Found a transporter.
 10832 | Gauntlet | Found a transporter.
 11234 | Gauntlet | HP: 3/99 [fire elemental (7)]
 11449 | Gauntlet | Noticed a minotaur
 11467 | Gauntlet | Killed a minotaur
 12233 | D:11     | Found a staircase to the Lair.
 12429 | Lair:1   | Entered Level 1 of the Lair of Beasts
 12439 | Lair:1   | Reached skill level 10 in Dodging
 12472 | Lair:1   | Reached skill level 1 in Throwing
 12721 | Lair:1   | Noticed an oklob plant
 12721 | Lair:1   | Noticed an oklob plant
 12721 | Lair:1   | Noticed an oklob plant
 12721 | Lair:1   | Noticed an oklob plant
 12734 | Lair:1   | Reached XP level 12. HP: 106/106 MP: 11/11
 12958 | Lair:1   | Noticed a four-headed hydra
 12968 | Lair:1   | Killed a four-headed hydra
 13587 | Lair:2   | Found a staircase to the Snake Pit.
 13669 | Lair:2   | Found a dark tunnel.
 13688 | Volcano  | Entered a volcano
 13726 | Volcano  | Noticed a two-headed ogre
 13740 | Volcano  | Killed a two-headed ogre
 13740 | Volcano  | Reached skill level 5 in Throwing
 13749 | Volcano  | Reached ***** piety under Trog
 13749 | Volcano  | Received a gift from Trog
 13813 | Volcano  | Noticed a two-headed ogre
 13840 | Volcano  | Killed a two-headed ogre
 14090 | Volcano  | Noticed a two-headed ogre
 14103 | Volcano  | Killed a two-headed ogre
 14165 | Volcano  | Noticed a fire dragon
 14165 | Volcano  | Noticed a two-headed ogre
 14181 | Volcano  | Killed a fire dragon
 14181 | Volcano  | Reached skill level 15 in Shields
 14185 | Volcano  | Killed a two-headed ogre
 14682 | Lair:2   | Noticed a five-headed hydra
 14694 | Lair:2   | Killed a five-headed hydra
 14698 | Lair:2   | Found a staircase to the Swamp.
 14721 | Lair:2   | Reached skill level 10 in Polearms
 15403 | Snake:1  | Entered Level 1 of the Snake Pit
 15832 | Lair:3   | Reached XP level 13. HP: 113/113 MP: 4/12
 16727 | Lair:4   | You fall into a shaft and drop 1 floor!
 17216 | Lair:4   | Received a gift from Trog
 17716 | Lair:5   | Noticed Josephine
 17732 | Lair:5   | Killed Josephine
 17859 | Lair:5   | Found a staircase to the Slime Pits.
 17929 | Lair:5   | Found a runed translucent door.
 17952 | Lair:5   | Noticed Nessos
 17965 | Lair:5   | Killed Nessos
 18419 | Lair:6   | Entered Level 6 of the Lair of Beasts
 18690 | Lair:6   | Reached skill level 15 in Polearms
 19553 | Lair:6   | Received a gift from Trog
 19601 | Lair:6   | Reached XP level 14. HP: 118/122 MP: 13/13
 19850 | Lair:6   | Got a heavily runed silver ring
 19852 | Lair:6   | Identified the ring "Jomnuhio" {Ice rN++ MP+9 Int+3 Slay+3}
                  | (You found it on level 6 of the Lair of Beasts)
 20715 | Snake:1  | Identified Roxanne's Incunabulum of Transmutation
 20715 | Snake:1  | Noticed Roxanne
 20735 | Snake:1  | Noticed Agnes
 20744 | Snake:1  | Killed Agnes
 21195 | Snake:1  | Killed Roxanne
 21340 | Snake:1  | Found a blossoming altar of Fedhas.
 21516 | Snake:1  | Noticed Aizul
 21536 | Snake:1  | Killed Aizul
 21536 | Snake:1  | Reached skill level 1 in Evocations
 21606 | Snake:1  | Noticed Donald
 21626 | Snake:1  | Killed Donald
 21632 | Snake:1  | Found a large runed translucent door.
 21632 | Snake:1  | Found a large runed translucent door.
 21654 | Snake:1  | Noticed Biduanus's ghost (adept HuSk)
 21906 | Snake:2  | Reached XP level 15. HP: 114/134 MP: 15/15
 22555 | Snake:2  | Found a glowing golden altar of the Shining One.
 22572 | Snake:2  | Noticed a nagaraja
 22576 | Snake:2  | Killed a nagaraja
 22789 | Snake:2  | Received a gift from Trog
 22821 | Snake:2  | Reached skill level 5 in Evocations
 23136 | Snake:3  | Noticed a nagaraja
 23153 | Snake:3  | Killed a nagaraja
 23237 | Snake:3  | Found Vidaw's Jewellery Boutique.
 23256 | Snake:3  | Found Gyxi's Jewellery Shop.
 23256 | Snake:3  | Noticed a nagaraja
 23271 | Snake:3  | Killed a nagaraja
 23397 | Snake:3  | Found a large runed translucent door.
 23397 | Snake:3  | Found a large runed translucent door.
 23398 | Snake:3  | Noticed Niohup's ghost (adept DsBe)
 23759 | Snake:1  | Killed Biduanus's ghost
 23887 | Snake:3  | Killed Niohup's ghost
 23887 | Snake:3  | Reached XP level 16. HP: 146/146 MP: 19/19
 23890 | Snake:3  | Identified the Catalogue of Lethal Flight
 23913 | Snake:4  | Entered Level 4 of the Snake Pit
 24702 | Snake:4  | Received a gift from Trog
 25391 | Snake:3  | Reached skill level 15 in Fighting
 25396 | Snake:3  | Reached skill level 15 in Armour
 25678 | Snake:3  | Reached skill level 15 in Dodging
 25827 | Snake:4  | Received a gift from Trog
 26576 | Snake:4  | Received a gift from Trog
 26647 | Snake:4  | Got a serpentine rune of Zot
 26973 | Lair:1   | Reached XP level 17. HP: 138/156 MP: 21/21
 27191 | Swamp:1  | Entered Level 1 of the Swamp
 27634 | Orc:1    | Entered Level 1 of the Orcish Mines
 27662 | Orc:1    | Found Iqaotok's General Store.
 27708 | Orc:1    | Bought a book of Misfortune for 260 gold pieces
 27847 | Orc:2    | Entered Level 2 of the Orcish Mines
 27929 | Orc:2    | Received a gift from Trog
 28072 | Orc:2    | Found Pujagiso's Assorted Antiques.
 28195 | Orc:2    | Found Ucenysahe's Distillery.
 28197 | Orc:2    | Bought a tapered bone wand for 152 gold pieces
 28197 | Orc:2    | Bought a wand of paralysis (5) for 76 gold pieces
 28203 | Orc:2    | Bought a potion of resistance for 140 gold pieces
 28205 | Orc:2    | Found Poudghavy's Magic Scroll Shoppe.
 28207 | Orc:2    | Found Cetuasoj's Jewellery Boutique.
 28312 | Orc:2    | Found a staircase to the Elven Halls.
 28314 | Orc:2    | Found Misk's Antique Weapon Emporium.
 28731 | Orc:1    | Received a gift from Trog
 28983 | Elf:1    | Entered Level 1 of the Elven Halls
 29330 | Elf:1    | You fall into a shaft and drop 1 floor!
 29663 | Elf:2    | Noticed a deep elf blademaster
 29682 | Elf:2    | Killed a deep elf blademaster
 29709 | Elf:2    | Received a gift from Trog
 29806 | Elf:2    | Found a runed translucent gate.
 29806 | Elf:2    | Found a runed translucent gate.
 29806 | Elf:2    | Found a runed translucent gate.
 29948 | Elf:1    | Noticed Frances
 29965 | Elf:1    | Killed Frances
 30585 | Temple   | Fell from the grace of Trog
 30585 | Temple   | Became a worshipper of Ru the Awakened
 30809 | D:12     | Found a flickering gateway to a bazaar.
 30824 | Bazaar   | Entered a bazaar
 30828 | Bazaar   | Found Ciufoc's Armour Boutique.
 30846 | Bazaar   | Found Ymperu's Armour Emporium.
 30863 | Bazaar   | Found Seushriro's Magic Scroll Boutique.
 30880 | Bazaar   | Found Offup's Antique Weapon Shoppe.
 30936 | D:12     | You fall into a shaft and drop 3 floors!
 30936 | D:15     | Entered Level 15 of the Dungeon
 31018 | D:14     | Found a gate to the Vaults.
 31276 | D:13     | Gained mutation: You are hated by all. [Ru sacrifice]
 31276 | D:13     | Reached * piety under Ru
 31431 | D:13     | Reached XP level 18. HP: 168/168 MP: 23/23
 31496 | D:13     | You fall into a shaft and drop 2 floors!
 31972 | D:15     | Found a runed translucent door.
 31972 | D:15     | Found a shimmering altar of Xom.
 31972 | D:15     | Identified the +4 war axe of Indomitability {chaos, +Fly}
 31972 | D:15     | Noticed Cilysel's ghost (adept FoFi)
 32035 | D:15     | Found a staircase to the Depths.
 32491 | Depths:1 | Entered Level 1 of the Depths
 32497 | Depths:1 | Reached skill level 10 in Throwing
 33035 | D:14     | Found Kizysk's Armour Shoppe.
 33963 | D:13     | Gained mutation: You are somewhat inexperienced. (-2 XL)
                  | [Ru sacrifice]
 33963 | D:13     | Reached XP level 17. HP: 161/161 MP: 32/32
 33963 | D:13     | Reached XP level 16. HP: 155/155 MP: 31/31
 33963 | D:13     | Reached ** piety under Ru
 33963 | D:13     | Reached *** piety under Ru
 34059 | D:14     | Bought a +2 cloak of invisibility for 408 gold pieces
 34342 | D:12     | Noticed Nergalle
 34355 | D:12     | Killed Nergalle
 34488 | D:12     | Noticed Erolcha
 34492 | D:12     | Reached skill level 10 in Evocations
 34502 | D:12     | Killed Erolcha
 35843 | Swamp:1  | Found a shimmering blue altar of Sif Muna.
 36340 | Swamp:2  | Reached skill level 1 in Stealth
 36370 | Swamp:2  | Noticed a thorn hunter
 36473 | Swamp:2  | Killed a thorn hunter
 37393 | Swamp:2  | Found a runed translucent gate.
 37393 | Swamp:2  | Found a runed translucent gate.
 37393 | Swamp:2  | Found a runed translucent gate.
 37393 | Swamp:2  | Noticed bronco's ghost (journeyman TrMo)
 37707 | Swamp:3  | Learned a level 1 spell: Apportation
 37777 | Swamp:3  | Found a runed translucent door.
 37843 | Swamp:3  | Noticed a tentacled monstrosity
 37861 | Swamp:3  | Reached XP level 17. HP: 145/163 MP: 23/23
 37863 | Swamp:3  | Killed a tentacled monstrosity
 37929 | Swamp:3  | Got a vibrating golden ring
 38971 | Swamp:3  | Identified the ring "Gegaorod" {MR+ rCorr Dex+2 Slay-5}
                  | (You found it on level 3 of the Swamp)
 39847 | Swamp:2  | Killed bronco's ghost
 39859 | Swamp:2  | Identified the +3 triple sword "Spider's Death Toll"
                  | {flame, MR+} (You found it on level 2 of the Swamp)
 39927 | Swamp:4  | Entered Level 4 of the Swamp
 39927 | Swamp:4  | Found a basalt altar of Yredelemnul.
 41443 | Swamp:4  | Identified the Papyrus of the Frostbite and Companions
 41567 | Swamp:4  | Found a blossoming altar of Fedhas.
 41584 | Swamp:4  | Got a fine tower shield
 41595 | Swamp:4  | Identified the cursed +0 tower shield of Uxuixamn {*Drain
                  | rPois rC- Str+8} (You found it on level 4 of the Swamp)
 42557 | Swamp:4  | Got a decaying rune of Zot
 43568 | Vaults:1 | Entered Level 1 of the Vaults
 44717 | Vaults:1 | Reached XP level 18. HP: 178/178 MP: 24/24
 45182 | Vaults:1 | Was forgiven by Trog
 45317 | Vaults:2 | Found Liriann's Jewellery Shoppe.
 45388 | Vaults:2 | Gained mutation: You cannot study or use magical devices.
                  | [Ru sacrifice]
 45388 | Vaults:2 | Reached **** piety under Ru
 45388 | Vaults:2 | Reached ***** piety under Ru
 45646 | Vaults:2 | Found Vesayscha's Distillery.
 46160 | Vaults:2 | Found Etok Kui's Antique Armour Boutique.
 46688 | Vaults:2 | Noticed Sojobo
 46753 | Vaults:2 | Killed Sojobo
 46827 | Vaults:2 | Reached XP level 19. HP: 115/193 MP: 18/18
 46913 | Vaults:2 | Gained mutation: You cannot be stealthy. [Ru sacrifice]
 49379 | Vaults:3 | Found a staircase to the Crypt.
 49379 | Vaults:3 | Found an ancient bone altar of Kikubaaqudgha.
 49380 | Vaults:3 | Found a basalt altar of Yredelemnul.
 49395 | Vaults:3 | Gained mutation: You cannot study or cast Earth magic. [Ru
                  | sacrifice]
 49395 | Vaults:3 | Gained mutation: You cannot study or cast Hexes magic. [Ru
                  | sacrifice]
 49395 | Vaults:3 | Gained mutation: You cannot study or cast Charms magic. [Ru
                  | sacrifice]
 49395 | Vaults:3 | Reached ****** piety under Ru
 50067 | Crypt:1  | Entered Level 1 of the Crypt
 50881 | Vaults:4 | Reached XP level 20. HP: 178/209 MP: 19/19
 50928 | Vaults:4 | Noticed Bai Suzhen
 50959 | Vaults:4 | Killed Bai Suzhen
 51080 | Vaults:4 | Identified the Grimoire of Attacks
 51679 | Vaults:5 | Entered Level 5 of the Vaults
 51679 | Vaults:5 | Noticed Jory
 51994 | Vaults:5 | Noticed a golden dragon
 52546 | Vaults:5 | Noticed an ancient lich
 52577 | Vaults:4 | Killed Jory
 52723 | Vaults:5 | Noticed a golden dragon
 52752 | Vaults:5 | Got a wavering lapis lazuli ring
 52754 | Vaults:5 | Identified the ring of the Distant Future {+Fly rN+ MP+9
                  | Dex+4} (You found it on level 5 of the Vaults)
 52933 | Vaults:5 | Identified the +9 great sword "Geappy" {vorpal, rElec}
 53077 | Vaults:5 | Noticed a golden dragon
 53092 | Vaults:5 | Killed a golden dragon
 53150 | Vaults:5 | Killed a golden dragon
 53330 | Vaults:5 | Reached XP level 21. HP: 204/217 MP: 20/20
 53364 | Vaults:5 | Killed an ancient lich
 53583 | Vaults:5 | Killed a golden dragon
 53642 | Vaults:5 | Identified the cursed -1 buckler "Ichojow" {rElec Str+2
                  | Slay-3}
 54185 | Vaults:5 | Noticed a golden dragon
 54194 | Vaults:5 | a golden dragon changed into an acid blob
 54203 | Vaults:5 | Identified the +7 shortbow "Vupnureeq" {vorpal, Str+2}
 54620 | Vaults:5 | Got a silver rune of Zot
 55306 | Vaults:5 | Found Fonnar's Armour Boutique.
 55314 | Vaults:5 | Identified 3 scrolls of acquirement
 55318 | Vaults:5 | Identified the +0 hat of Absolutism {+Blink +Inv Str-4
                  | Dex+3} (You acquired it on level 5 of the Vaults)
 55650 | D:3      | Bought the +0 hat "Afaoxzoe" {rC++ rCorr Stlth+} for 3690
                  | gold pieces
 55875 | D:14     | Bought a +1 cloak of poison resistance for 256 gold pieces
 55980 | D:15     | Killed Cilysel's ghost
 56067 | Depths:1 | Reached XP level 22. HP: 140/226 MP: 21/21
 56263 | Depths:1 | Found the ring of the Mage {Wiz MR++ Int+3}
 56263 | Depths:1 | Found a gateway to Hell.
 56375 | Depths:1 | Found a gateway to a ziggurat.
 56882 | Depths:2 | Noticed Saint Roka
 56924 | Depths:2 | Killed Saint Roka
 57429 | Depths:2 | Found a runed translucent door.
 57432 | Depths:2 | Found a runed translucent door.
 57486 | Depths:2 | Found a burning altar of Makhleb.
 57497 | Depths:2 | Gained mutation: Scrolls take you a little longer to read.
                  | [a cacodemon]
 58112 | Depths:2 | Lost mutation: Scrolls take you a little longer to read.
                  | [potion of mutation]
 58112 | Depths:2 | Gained mutation: You passively map a small area around you.
                  | [potion of mutation]
 58112 | Depths:2 | Gained mutation: Your muscles are strong. (Str +2) [potion
                  | of mutation]
 59063 | Elf:3    | Entered Level 3 of the Elven Halls
 59094 | Elf:3    | Found an ancient bone altar of Kikubaaqudgha.
 59131 | Elf:3    | Identified the +7 quarterstaff of Fatigue {flame, Int+3
                  | SInv}
 59184 | Elf:3    | Reached XP level 23. HP: 176/234 MP: 22/22
 59223 | Elf:3    | Got a smoking glass ring
 59225 | Elf:3    | Identified the ring of Activism {rF+ Dex+4 Slay+3} (You
                  | found it on level 3 of the Elven Halls)
 59237 | Elf:3    | Got a smoking morningstar
 59238 | Elf:3    | Identified the +4 morningstar "Pendulum" {venom, Str+6
                  | Stlth+} (You found it on level 3 of the Elven Halls)
 59283 | Elf:3    | Found the +3 hat of Pondering {ponderous, MR+ MP+10 Int+5}
 59341 | Elf:3    | Noticed Louise
 59348 | Elf:3    | Killed Louise
 60223 | Hell     | Entered the Vestibule of Hell
 60223 | Hell     | Noticed Geryon
 60235 | Hell     | Killed Geryon
 60830 | Depths:1 | Found a glowing golden altar of the Shining One.
 61794 | Depths:3 | Noticed the Enchantress
 61794 | Depths:3 | Identified the +0 leather armour "Qopiofah" {rF- rN++ rCorr
                  | Int+4}
 61815 | Depths:3 | Identified the +2 ring mail "Zitua" {*Corrode rF+++ Dex+4}
 61866 | Depths:3 | Killed the Enchantress
 61906 | Depths:3 | Found a radiant altar of Vehumet.
 61993 | Depths:3 | Found a one-way gate leading to the halls of Pandemonium.
 62224 | Depths:3 | Found a one-way gate to the infinite horrors of the Abyss.
 62649 | Hell     | Found a gateway to the ashen valley of Gehenna.
 62747 | Hell     | Found a gateway to the Iron City of Dis.
 62783 | Hell     | Found a gateway to the freezing wastes of Cocytus.
 62907 | Hell     | Found a gateway to the decaying netherworld of Tartarus.
 63416 | Coc:1    | Entered Level 1 of Cocytus
 63433 | Coc:1    | Noticed a shard shrike
 63445 | Coc:1    | Killed a shard shrike
 63602 | Coc:1    | Reached XP level 24. HP: 242/242 MP: 22/22
 63809 | Coc:1    | Noticed a shard shrike
 63813 | Coc:1    | Killed a shard shrike
 64357 | Coc:2    | Noticed a shard shrike
 64364 | Coc:2    | Killed a shard shrike
 65611 | Coc:6    | Noticed a shard shrike
 65613 | Coc:6    | Noticed a shard shrike
 65613 | Coc:6    | Noticed a shard shrike
 65613 | Coc:6    | Noticed a shard shrike
 65617 | Coc:6    | Killed a shard shrike
 65621 | Coc:6    | Killed a shard shrike
 65628 | Coc:6    | Killed a shard shrike
 65634 | Coc:6    | Killed a shard shrike
 65640 | Coc:6    | Noticed a shard shrike
 65643 | Coc:6    | Killed a shard shrike
 65714 | Coc:6    | Noticed a shard shrike
 65735 | Coc:6    | Killed a shard shrike
 65783 | Coc:6    | Noticed a shard shrike
 65784 | Coc:6    | Noticed a shard shrike
 65793 | Coc:6    | Killed a shard shrike
 65795 | Coc:6    | Killed a shard shrike
 65795 | Coc:6    | Reached XP level 25. HP: 151/249 MP: 22/22
 66178 | Coc:7    | Entered Level 7 of Cocytus
 66521 | Coc:7    | Noticed a shard shrike
 66522 | Coc:7    | Noticed a shard shrike
 66531 | Coc:7    | Killed a shard shrike
 66532 | Coc:7    | Noticed a shard shrike
 66532 | Coc:7    | Killed a shard shrike
 66545 | Coc:7    | Killed a shard shrike
 67093 | Coc:7    | Noticed a shard shrike
 67093 | Coc:7    | Noticed a shard shrike
 67093 | Coc:7    | Noticed a shard shrike
 67093 | Coc:7    | Noticed a shard shrike
 67098 | Coc:7    | Killed a shard shrike
 67106 | Coc:7    | Killed a shard shrike
 67109 | Coc:7    | Killed a shard shrike
 67111 | Coc:7    | Killed a shard shrike
 67580 | Coc:1    | Learned a level 2 spell: Blink
 67707 | Coc:2    | Reached skill level 1 in Translocations
 67727 | Coc:2    | Reached skill level 1 in Spellcasting
 68016 | Coc:2    | Noticed a shard shrike
 68018 | Coc:2    | Killed a shard shrike
 68724 | Coc:3    | Noticed a shard shrike
 68726 | Coc:3    | Killed a shard shrike
 68838 | Coc:3    | Noticed a shard shrike
 68849 | Coc:3    | Killed a shard shrike
 68951 | Coc:3    | Noticed a shard shrike
 68951 | Coc:3    | Noticed a shard shrike
 68951 | Coc:3    | Noticed a shard shrike
 68960 | Coc:3    | Killed a shard shrike
 68965 | Coc:3    | Killed a shard shrike
 68969 | Coc:3    | Killed a shard shrike
 68975 | Coc:3    | Reached skill level 5 in Translocations
 69189 | Coc:3    | Reached skill level 5 in Spellcasting
 69276 | Coc:3    | Noticed a shard shrike
 69278 | Coc:3    | Killed a shard shrike
 69623 | Coc:3    | Noticed a shard shrike
 69626 | Coc:3    | Killed a shard shrike
 70192 | Coc:5    | Noticed a shard shrike
 70199 | Coc:5    | Killed a shard shrike
 70471 | Coc:6    | Noticed a shard shrike
 70475 | Coc:6    | Killed a shard shrike
 70594 | Coc:6    | Noticed a shard shrike
 70612 | Coc:6    | Killed a shard shrike
 70627 | Coc:6    | Noticed a shard shrike
 70628 | Coc:6    | Noticed a shard shrike
 70629 | Coc:6    | Noticed a shard shrike
 70631 | Coc:6    | Noticed a shard shrike
 70638 | Coc:6    | Killed a shard shrike
 70643 | Coc:6    | Killed a shard shrike
 70651 | Coc:6    | Killed a shard shrike
 70662 | Coc:6    | Killed a shard shrike
 70817 | Coc:6    | Noticed a shard shrike
 70832 | Coc:6    | Gained mutation: Your magical capacity is low. (-10% MP)
                  | [mutagenic glow]
 70875 | Coc:6    | Gained mutation: Your magical capacity is very low. (-20%
                  | MP) [mutagenic glow]
 70927 | Hell     | Lost mutation: Your magical capacity is very low. (-20% MP)
                  | [mutagenic glow]
 70951 | Depths:3 | Gained mutation: You are frail. (-10% HP) [mutagenic glow]
 71098 | Depths:4 | Lost mutation: Your magical capacity is low. (-10% MP)
                  | [potion of mutation]
 71098 | Depths:4 | Lost mutation: You are frail. (-10% HP) [potion of
                  | mutation]
 71098 | Depths:4 | Gained mutation: You are resistant to electric shocks.
                  | (rElec) [potion of mutation]
 71098 | Depths:4 | Lost mutation: You passively map a small area around you.
                  | [potion of mutation]
 71098 | Depths:4 | Gained mutation: Scrolls take you a little longer to read.
                  | [potion of mutation]
 71098 | Depths:4 | Gained mutation: Your muscles are very strong. (Str +4)
                  | [potion of mutation]
 71217 | Depths:4 | Found the +6 shillelagh "Devastator" {shatter}
 71234 | Depths:4 | Got a glittering pewter ring
 71236 | Depths:4 | Identified the ring of Jealousy {Ice rElec rPois MR- Int-3}
                  | (You found it on level 4 of the Depths)
 71397 | Depths:4 | Found the +2 hat of the Bear Spirit {Spirit, +Rage rN+
                  | MR++}
 71407 | Depths:4 | Identified the Tome of Bewitching Combat Magic
 71544 | Depths:4 | Noticed a juggernaut
 71552 | Depths:4 | Killed a juggernaut
 71827 | Depths:4 | Found Zolub's General Store.
 71960 | Depths:4 | Voluntarily entered the Abyss.
 72953 | Abyss:4  | Found a corrupted altar of Lugonu.
 72983 | Abyss:5  | Entered Level 5 of the Abyss
 72990 | Abyss:5  | Lost mutation: Your muscles are very strong. (Str +4) [a
                  | cacodemon]
 72997 | Abyss:5  | Gained mutation: You are clumsy. (Dex -2) [a cacodemon]
 73005 | Abyss:5  | Gained mutation: You tend to lose your temper in combat. [a
                  | cacodemon]
 73056 | Abyss:5  | Paralysed by a floating eye for 3 turns
 73074 | Abyss:5  | Lost intelligence.
 73081 | Abyss:5  | Paralysed by a floating eye for 4 turns
 73093 | Abyss:5  | Paralysed by a floating eye for 4 turns
 73106 | Abyss:5  | Paralysed by a floating eye for 3 turns
 73187 | Depths:4 | Escaped the Abyss
 73594 | Depths:4 | Voluntarily entered the Abyss.
 73757 | Abyss:1  | Found a corrupted altar of Lugonu.
 73825 | Abyss:1  | Found a bloodstained altar of Trog.
 74370 | Abyss:3  | Paralysed by a floating eye for 3 turns
 74375 | Abyss:3  | Reached skill level 27 in Fighting
 74380 | Abyss:3  | Reached skill level 27 in Polearms
 74384 | Abyss:3  | Reached skill level 27 in Armour
 74395 | Abyss:3  | Got an abyssal rune of Zot
 74419 | Abyss:3  | Reached skill level 1 in Conjurations
 74516 | Depths:4 | Escaped the Abyss
 74584 | Depths:4 | Lost mutation: You tend to lose your temper in combat.
                  | [potion of mutation]
 74584 | Depths:4 | Lost mutation: Scrolls take you a little longer to read.
                  | [potion of mutation]
 74584 | Depths:4 | Lost mutation: Your muscles are strong. (Str +2) [potion of
                  | mutation]
 74584 | Depths:4 | Gained mutation: Your body sometimes deteriorates upon
                  | taking damage. [potion of mutation]
 74584 | Depths:4 | Gained mutation: You have a somewhat thin skeletal
                  | structure. (Dex +2, Stealth) [potion of mutation]
 74585 | Depths:4 | Lost mutation: Your body sometimes deteriorates upon taking
                  | damage. [potion of mutation]
 74585 | Depths:4 | Lost mutation: You are resistant to electric shocks.
                  | (rElec) [potion of mutation]
 74585 | Depths:4 | Lost mutation: You are clumsy. (Dex -2) [potion of
                  | mutation]
 74585 | Depths:4 | Gained mutation: You are resistant to hostile enchantments.
                  | (MR+) [potion of mutation]
 74716 | Depths:5 | Entered Level 5 of the Depths
 74834 | Depths:5 | Found a snail-covered altar of Cheibriados.
 74834 | Depths:5 | Found a snail-covered altar of Cheibriados.
 74835 | Depths:5 | Found a basalt altar of Yredelemnul.
 74898 | Depths:5 | Learned a level 4 spell: Iskenderun's Mystic Blast
 74930 | Depths:5 | Found a gate to the Realm of Zot.
 75870 | Zot:1    | Entered Level 1 of the Realm of Zot
 76005 | Zot:1    | Noticed an orb of fire
 76021 | Zot:1    | Killed an orb of fire
 76389 | Zot:1    | Got a fine glass ring
 76986 | Zot:1    | Identified the +1 scale mail "Ziufeb" {Stlth+} (You found
                  | it on level 1 of the Realm of Zot)
 76987 | Zot:1    | Identified the ring "Qinleeggoi" {*Drain *Slow rC+++ Int+4
                  | SInv} (You found it on level 1 of the Realm of Zot)
 77173 | Depths:3 | Identified the +3 scale mail "Jeupn" {+Blink Regen+ rCorr}
                  | (You found it on level 3 of the Depths)
 77180 | Depths:3 | Identified the +3 tower shield of Ru's Indignation {rElec
                  | Str-5 Dex+2} (You found it on level 3 of the Depths)
 77544 | Zot:1    | Reached skill level 5 in Conjurations
 78925 | Zot:3    | Noticed an orb of fire
 78945 | Zot:3    | Killed an orb of fire
 79965 | Zot:4    | Found the +3 robe of Clouds {+Thunder rCloud rElec}
 81324 | Zot:5    | Entered Level 5 of the Realm of Zot
 81500 | Zot:5    | Noticed an ancient lich
 81516 | Zot:5    | Killed an ancient lich
 81541 | Zot:5    | Reached skill level 10 in Conjurations
 81639 | Zot:5    | Noticed an orb of fire
 81640 | Zot:5    | Noticed a Killer Klown
 81640 | Zot:5    | Noticed a Killer Klown
 81640 | Zot:5    | Noticed a Killer Klown
 81641 | Zot:5    | Noticed a Killer Klown
 81645 | Zot:5    | Noticed an orb of fire
 81646 | Zot:5    | Noticed an ancient lich
 81656 | Zot:5    | Killed an orb of fire
 81664 | Zot:5    | Killed a Killer Klown
 81672 | Zot:5    | Killed an ancient lich
 81683 | Zot:5    | Killed an orb of fire
 81688 | Zot:5    | Killed a Killer Klown
 81689 | Zot:5    | Noticed a juggernaut
 81689 | Zot:5    | a Killer Klown changed into a juggernaut
 81695 | Zot:5    | a juggernaut changed into a shadow dragon
 81710 | Zot:5    | Killed a Killer Klown
 81889 | Zot:5    | Noticed an ancient lich
 81909 | Zot:5    | Killed an ancient lich
 81925 | Zot:5    | Noticed an orb of fire
 81927 | Zot:5    | Noticed a Killer Klown
 81930 | Zot:5    | Noticed a Killer Klown
 81930 | Zot:5    | HP: 11/257 [Orb Guardian (17)]
 81930 | Zot:5    | Demolished by an Orb Guardian

Levels and vault maps discovered:
D:1:      giann_horns, layout_loops_ring, serial_glass, glass_columns_a,
          glass_columns_a, glass_columns_a, glass_columns_b,
          minmay_strange_pillars, feat_on_display, feat_on_display
D:2:      layout_rooms, nicolae_overflow_hidden_temple, grunt_qazlal_sundering,
          first_ration
D:3:      layout_basic, nicolae_gozag_zags_fifth_avenue, old_standard_altar,
          fedhas_altar_4, uniq_grinder
D:4:      gammafunk_wand_slinger, layout_cave_pods,
          chequers_serial_rivers_micro_c, minmay_diced_spiral
D:5:      layout_loops_cross, overflow_temple_1_default, portal_sewer_entry_c
D:6:      wad_guarded_room, layout_basic, marbit_many_paths, tso_oasis_becter,
          zin_statuary, minmay_temple_entry_nine_rooms, uniq_maggie
D:7:      layout_basic, the_bakery
D:8:      layout_cave_pools, riverfiend_overflow_shadow_ancestor, basic_altar,
          trog_butcher_becter
D:9:      layout_loops_ring, grunt_temple_overflow_open, gammafunk_ghost_grave,
          corexii_leaking_fountain, uniq_erica, uniq_prince_ribbit1
D:10:     minmay_curly_fans, layout_stronghold, orc_david_3, basic_altar
D:11:     layout_loops_ring, grunt_lair_entry_orc_guard_hut,
          gauntlet_entry_generic
D:12:     layout_irregular_city, serial_shops, bzr_firewalk, uniq_nergalle,
          uniq_erolcha
D:13:     layout_loops_ring, chequers_serial_rivers_micro_a
D:14:     layout_loops_ring, erik_vaults_1, serial_shops, nicolae_shop_trees
D:15:     grunt_enter_depths_snipers, layout_rooms, ebering_ghost_xom,
          minivault_23
Temple:   jpeg_temple_island
Lair:1:   layout_small_grid, minmay_lair_oklob_chamber
Lair:2:   layout_loops_ring, minmay_swamp_entry_reptiles,
          guppyfry_snake_entry_island, nicolae_volcano_entry_hallway,
          kennysheep_rathole, grunt_megastairs_2
Lair:3:   layout_cave_pods, st_stairs_8, grunt_forest_small_clearings,
          chequers_serial_rivers_marsh
Lair:4:   layout_long_grid, serial_bayou_shore_b, lemuel_fruit_tree
Lair:5:   layout_loops_ring, slime_dummy, pf_torpor_hydra, uniq_josephine,
          uniq_nessos
Lair:6:   evilmike_catoblepas_cave, layout_cave_pods, columned_hall_lemuel,
          chequers_serial_rivers_small_a
Swamp:1:  layout_falls_marsh, lemuel_altar_in_water, swamp_pool3,
          infiniplex_staircase_pool
Swamp:2:  layout_basic_swamp, gammafunk_ghost_hydra_chop, serial_swamp_ruin,
          evilmike_swamp_ruin_rubble_2, evilmike_swamp_ruin_rubble_1,
          swamp_pool5
Swamp:3:  gammafunk_mikee_crab_dinner, layout_falls_marsh,
          evilmike_swamp_ruin_house_2, swamp_pool2, infiniplex_staircase_pool_2
Swamp:4:  byrel_swamp_growth_death_and_undeath, layout_basic_swamp
Snake:1:  layout_misc_corridors, basic_altar, ebering_ghost_disaster_area,
          uniq_agnes, uniq_aizul, uniq_donald, uniq_roxanne
Snake:2:  layout_honeycomb, basic_altar, grunt_ministairs_8,
          dpeg_stationary_puzzle
Snake:3:  layout_basic, ebering_ghost_disaster_area, minmay_shoptagon
Snake:4:  snake_pit, layout_cave_town
Orc:1:    layout_caves, serial_shops, shop
Orc:2:    st_orc_elflike, layout_diamond_mine, serial_shops, shop
Elf:1:    layout_loops_cross, uniq_frances
Elf:2:    layout_gridlike, minmay_crystal_room
Elf:3:    grunt_elf_hall_diamonds, layout_geoelf_octagon, basic_altar,
          uniq_louise
Vaults:1: ontoclasm_vaults_chip, vaults_dpeg_spiral, vaults_dpeg_cross,
          v_misc_12, grunt_vaults_hallway_long,
          vaults_standard_mumra_enter_the_diamond, ontoclasm_vaults_gateway,
          hangedman_vaults_variations, v_misc_11, v_misc_3,
          nicolae_vaults_circle_grid_a, st_smaller_cells, v_alt_pattern_1,
          layout_vaults_omnibox
Vaults:2: nicolae_vaults_yaktaur_gun_rack, grunt_vaults_swirl,
          ontoclasm_vaults_eye, nicolae_vaults_shelves_hall, vaults_room_boxed,
          v_misc_5, v_rooms_5, v_alt_pattern_1, nicolae_vaults_little_squares_4,
          nicolae_vaults_little_squares_4, ontoclasm_vaults_misaligned,
          grunt_vaults_hallway_long, vaults_room_door_ring,
          layout_vaults_omnicross, serial_shops, shop, shop,
          nicolae_shop_waterfront, uniq_sojobo
Vaults:3: nicolae_vaults_little_squares_4, hangedman_vaults_restitches,
          nicolae_vaults_network_periphery, v_misc_30,
          nicolae_vaults_twisting_passages, v_alt_pattern_3,
          ontoclasm_vaults_shuriken, vaults_room_fours,
          minmay_crypt_entry_necro_gods, hangedman_vaults_slice,
          layout_vaults_chaotic_city
Vaults:4: v_misc_22, v_alt_pattern_1, vaults_room_semicircle,
          nicolae_vaults_murderbox, nicolae_vaults_shelves_hall, v_misc_22,
          layout_vaults_quadrants, uniq_bai_suzhen
Vaults:5: serial_shops, uniq_margery, uniq_jory
Crypt:1:  layout_chaotic_city, ebering_ghost_rock_garden
Depths:1: layout_cave_pools, enter_ziggurat_d, serial_bayou_shore_b,
          lightli_too_deep, tso_altar
Depths:2: evilmike_makhleb_hellhole, layout_gridlike, hangedman_coc_ice_floe,
          minivault_11, uniq_saint_roka
Depths:3: grunt_forest_end_shrine, layout_basic, pf_hell_entry_tar_river,
          abyss_entry_small_statue_room, rand_demon_pan_entry_1,
          infiniplex_staircase_door_maze, grunt_megastairs_5
Depths:4: vault_1, layout_basic, abandoned_shop, abyss_entry, serial_shops,
          shop_statue, hell_entry
Depths:5: hangedman_slaughterboxes, abyss_entry, hell_entry
Hell
Coc:1:    layout_cocytus_water_paths
Coc:2:    layout_ice_bergs
Coc:3:    layout_ice_bergs
Coc:4:    layout_cocytus_water_paths
Coc:5:    layout_cocytus_delve
Coc:6:    grunt_deathspiral_small, layout_ice_bergs
Coc:7:    coc_old
Zot:1:    layout_concentric_octagons
Zot:2:    layout_onion_interference
Zot:3:    layout_concentric_octagons
Zot:4:    grunt_twist_and_shout, layout_onion_interference, st_stairs_9,
          guppyfry_library_mini
Zot:5:    layout_cellular_growth, grunt_ministairs_3

Skill      XL: |  1  2  3  4  5  6  7  8  9 10 11 12 13 14 15 16 17 18 19 20 21 22 23 24 25 |
---------------+----------------------------------------------------------------------------+-----
Armour         | 4 5 6 8 9 10 12 14 18 19 20 21 23 25 27 | 27.0
Shields        | 4 5 6 8 9 11 13 15 16 18 20 22 | 22.1
Fighting       | 4 5 6 7 9 10 12 14 18 19 22 24 25 27 | 27.0
Maces & Flails | 3 4 |  4.3
Polearms       | 1 3 5 6 10 15 17 19 20 22 25 27 | 27.0
Dodging        | 3 7 10 12 13 15 16 21 | 21.8
Throwing       | 3 6 7 9 10 | 10.0
Evocations     | 2 5 10 9 0 |  0.0
Stealth        | 2 0 |  0.0
Translocations | 9 |  9.3
Spellcasting   | 8 |  8.8
Conjurations   | 10 | 10.8

Action                   |  1- 3 |  4- 6 |  7- 9 | 10-12 | 13-15 | 16-18 | 19-21 | 22-24 | 25-27 || total
-------------------------+-------+-------+-------+-------+-------+-------+-------+-------+-------++-------
Melee: Flail             |    99 |    33 |    72 |   562 |       |       |       |       |       ||   766
       Headbutt          |    11 |    16 |    67 |   197 |   226 |   801 |   463 |   652 |   992 ||  3425
       Trident           |       |    65 |   363 |       |       |       |       |       |       ||   428
       Demon trident     |       |       |       |   181 |  1107 |  3426 |  1552 |  2182 |  3102 || 11550
       Unarmed           |       |       |       |       |       |    11 |       |       |       ||    11
Throw: Javelin           |       |       |       |     1 |       |       |       |       |       ||     1
       Dart              |       |       |       |     2 |     6 |    84 |    16 |       |       ||   108
 Cast: Blink             |       |       |       |       |       |       |       |       |     2 ||     2
       Iskenderun's Myst |       |       |       |       |       |       |       |       |     1 ||     1
Invok: Berserk           |       |       |     1 |    29 |    23 |    24 |       |       |       ||    77
       Trog's Hand       |       |       |       |     9 |       |     3 |       |       |       ||    12
       Brothers in Arms  |       |       |       |     1 |       |     3 |       |       |       ||     4
       Draw Out Power    |       |       |       |       |       |     3 |    10 |     7 |    14 ||    34
       Sacrifice Experie |       |       |       |       |       |     1 |       |       |       ||     1
       Reject Sacrifices |       |       |       |       |       |     1 |       |       |       ||     1
       Sacrifice Love    |       |       |       |       |       |     1 |       |       |       ||     1
       Power Leap        |       |       |       |       |       |     1 |       |       |       ||     1
       Sacrifice Artific |       |       |       |       |       |     1 |       |       |       ||     1
       Sacrifice Stealth |       |       |       |       |       |       |     1 |       |       ||     1
       Sacrifice Arcana  |       |       |       |       |       |       |     1 |       |       ||     1
       Apocalypse        |       |       |       |       |       |       |     1 |     1 |     6 ||     8
 Abil: Evoke Invisibilit |       |       |       |       |       |     7 |       |       |       ||     7
Evoke: Tin of tremorston |       |       |       |       |       |     2 |       |       |       ||     2
       Phial of floods   |       |       |       |       |       |     1 |       |       |       ||     1
  Use: Potion            |       |     4 |     1 |     8 |       |    10 |     4 |     3 |    20 ||    50
       Scroll            |       |       |    11 |    15 |    15 |    20 |    11 |     2 |    16 ||    90
 Stab: Petrified         |       |       |       |       |     9 |       |       |       |       ||     9
       Distracted        |       |       |       |       |     1 |     4 |     9 |    12 |    17 ||    43
       Invisible         |       |       |       |       |       |    36 |     6 |    10 |    23 ||    75
       Paralysed         |       |       |       |       |       |       |     3 |     5 |    30 ||    38
       Petrifying        |       |       |       |       |       |       |       |     1 |       ||     1
  Eat: Chunk             |     1 |    10 |    16 |    43 |    31 |    52 |    18 |    16 |    28 ||   215
       Ration            |       |       |       |     3 |     5 |    15 |     4 |     5 |     8 ||    40
Armor: Scale mail        |    48 |       |       |       |       |       |       |       |       ||    48
       Plate armour      |       |    46 |   201 |   267 |   215 |   933 |   296 |   329 |   394 ||  2681
Dodge: Dodged            |    34 |    12 |    92 |   220 |   165 |   909 |   314 |   500 |   734 ||  2980
Block: Kite shield       |    53 |    48 |   229 |   527 |   530 |  2646 |  1093 |  1595 |  1800 ||  8521
       Tower shield      |       |       |       |       |    67 |       |       |       |   238 ||   305
       Reflection        |       |       |       |       |    50 |   246 |    99 |    51 |    68 ||   514

Table legend:
 A = Non-vault XP
 B = Vault XP
 C = Vault XP percentage of total XP
 D = Non-vault monster count
 E = Vault monster count
 F = Vault count percentage of total count
                 A         B        C        D         E       F
            +---------+---------+-------+---------+---------+-------
      Total | 1397135 |  772477 |  35.6 |    2352 |     907 |  27.8
            +---------+---------+-------+---------+---------+-------
        D:1 |      24 |       0 |   0.0 |      14 |       0 |   0.0
        D:2 |      59 |       0 |   0.0 |      27 |       0 |   0.0
        D:3 |     157 |     272 |  63.4 |      21 |       1 |   4.5
        D:4 |     560 |     154 |  21.6 |      39 |       5 |  11.4
        D:5 |     789 |      31 |   3.8 |      22 |       5 |  18.5
        D:6 |     442 |    1304 |  74.7 |      19 |      13 |  40.6
        D:7 |    1106 |     215 |  16.3 |      19 |       1 |   5.0
        D:8 |     982 |     240 |  19.6 |      21 |       4 |  16.0
        D:9 |    2423 |    2174 |  47.3 |      29 |       3 |   9.4
       D:10 |    2449 |    1746 |  41.6 |      27 |      13 |  32.5
       D:11 |     567 |     401 |  41.4 |       7 |       4 |  36.4
       D:12 |    9062 |    1769 |  16.3 |      42 |       2 |   4.5
       D:13 |    7701 |       0 |   0.0 |      48 |       0 |   0.0
       D:14 |    2067 |    1808 |  46.7 |      14 |       2 |  12.5
       D:15 |   18552 |    5735 |  23.6 |      46 |       5 |   9.8
     Lair:1 |    4161 |    2680 |  39.2 |      19 |       7 |  26.9
     Lair:2 |    3701 |    2107 |  36.3 |      10 |      20 |  66.7
     Lair:3 |    2482 |     279 |  10.1 |      11 |       1 |   8.3
     Lair:4 |    4721 |       0 |   0.0 |      12 |       0 |   0.0
     Lair:5 |    7410 |    4563 |  38.1 |      18 |       8 |  30.8
     Lair:6 |    5895 |   11693 |  66.5 |      14 |      23 |  62.2
    Swamp:1 |   11649 |       0 |   0.0 |      24 |       0 |   0.0
    Swamp:2 |   14563 |    4027 |  21.7 |      31 |       6 |  16.2
    Swamp:3 |   16110 |    7695 |  32.3 |      38 |      11 |  22.4
    Swamp:4 |    5397 |   28442 |  84.1 |      16 |      42 |  72.4
    Snake:1 |   17090 |    9721 |  36.3 |      36 |       5 |  12.2
    Snake:2 |   35954 |    2240 |   5.9 |      71 |       3 |   4.1
    Snake:3 |   19274 |    9782 |  33.7 |      32 |       9 |  22.0
    Snake:4 |   21958 |   23045 |  51.2 |      49 |      36 |  42.4
      Orc:1 |    2078 |       0 |   0.0 |      14 |       0 |   0.0
      Orc:2 |    6717 |    7950 |  54.2 |      75 |      23 |  23.5
      Elf:1 |   10752 |    2318 |  17.7 |      20 |       1 |   4.8
      Elf:2 |   15302 |   23935 |  61.0 |      34 |      28 |  45.2
      Elf:3 |   11517 |   37755 |  76.6 |      22 |      27 |  55.1
   Vaults:1 |   12790 |   22713 |  64.0 |      25 |      42 |  62.7
   Vaults:2 |   48631 |   23388 |  32.5 |      77 |      30 |  28.0
   Vaults:3 |   36104 |   14861 |  29.2 |      61 |      18 |  22.8
   Vaults:4 |   58237 |   50485 |  46.4 |      87 |      41 |  32.0
   Vaults:5 |   43444 |   99854 |  69.7 |      57 |      62 |  52.1
    Crypt:1 |    9817 |       0 |   0.0 |      12 |       0 |   0.0
   Depths:1 |   38679 |    9528 |  19.8 |      53 |      13 |  19.7
   Depths:2 |   38215 |   26257 |  40.7 |      42 |      41 |  49.4
   Depths:3 |   30990 |   25853 |  45.5 |      33 |      25 |  43.1
   Depths:4 |   21190 |   37149 |  63.7 |      30 |      27 |  47.4
   Depths:5 |       0 |   21258 | 100.0 |       0 |      16 | 100.0
       Hell |   18365 |   34573 |  65.3 |      31 |      48 |  60.8
      Coc:1 |   45630 |       0 |   0.0 |      84 |       0 |   0.0
      Coc:2 |   58539 |       0 |   0.0 |      93 |       0 |   0.0
      Coc:3 |   84134 |       0 |   0.0 |      97 |       0 |   0.0
      Coc:4 |   38752 |       0 |   0.0 |      90 |       0 |   0.0
      Coc:5 |   46279 |       0 |   0.0 |      78 |       0 |   0.0
      Coc:6 |  124381 |   14786 |  10.6 |     114 |      23 |  16.8
      Coc:7 |   53442 |   21570 |  28.8 |      45 |      38 |  45.8
      Zot:1 |   48799 |       0 |   0.0 |      27 |       0 |   0.0
      Zot:2 |   51239 |       0 |   0.0 |      33 |       0 |   0.0
      Zot:3 |   60677 |    3591 |   5.6 |      31 |       2 |   6.1
      Zot:4 |   27668 |   37889 |  57.8 |      19 |      29 |  60.4
      Zot:5 |   27744 |   86597 |  75.7 |      11 |      20 |  64.5
    Abyss:1 |   33100 |    2661 |   7.4 |      45 |       1 |   2.2
    Abyss:2 |   34151 |       0 |   0.0 |      62 |       0 |   0.0
    Abyss:3 |   19369 |    9724 |  33.4 |      29 |      12 |  29.3
    Abyss:4 |    4932 |    2823 |  36.4 |      10 |       6 |  37.5
    Abyss:5 |   18166 |   20140 |  52.6 |      35 |      43 |  55.1
      Sewer |       0 |     323 | 100.0 |       0 |      24 | 100.0
    Volcano |       0 |    9305 | 100.0 |       0 |      28 | 100.0
   Gauntlet |       0 |    3068 | 100.0 |       0 |      10 | 100.0
            +---------+---------+-------+---------+---------+-------
